 Dungeon Crawl Stone Soup version bcrawl-1.41.1 (webtiles) character file.

Game seed: 11626980828783643346

131037 Grimmash the Sneak (level 4, 0/27 HPs)
             Began as a Skeleton Archaeologist on Apr 18, 2024.
             Killed from afar by an orc wizard (3 damage)
             ... with a puff of flame
             ... on level 3 of the Dungeon.
             The game lasted 00:03:15 (2309 turns).

Grimmash the Sneak (Skeleton Archaeologist)         Turns: 2309, Time: 00:03:16

Health: 0/27       AC:  6    Str: 18      XL:     4   Next: 70%
Magic:  0/6        EV: 11    Int: 13      God:
Gold:   171        SH:  0    Dex:  2 (7)  Spells: 5/5 levels left

rFire    . . .     GDR:     13% a - +0 mace
rCold    + . .     SeeInvis .   (no shield)
rNeg     + + +     Gourm    .   r - +0 leather armour
rPois    ∞         Faith    .   d - +1 hat
rElec    .         Spirit   +   (no cloak)
rCorr    .         Reflect  .   (no gloves)
MR       .....                  e - +1 pair of boots
Stlth    ++........             (no amulet)
HPRegen  0.14/turn              (no ring)
MPRegen  0.10/turn              (no ring)

@: no status effects
A: no food or potions, cold resistance 1, deterioration 1, negative energy
resistance 3, torment resistance, unbreathing, magic shield, sturdy frame 1,
spell healing
a: no special abilities


You were on level 3 of the Dungeon.
You were not hungry.

You visited 1 branch of the dungeon, and saw 3 of its levels.

You collected 171 gold pieces.

Inventory:

Hand Weapons
 a - a +0 mace (weapon)
 b - a +0 blowgun
Missiles
 f - 6 curare-tipped needles
 l - a poisoned needle
 m - 104 javelins (quivered)
Armour
 d - a +1 hat (worn)
 e - a +1 pair of boots (worn)
 r - a +0 leather armour (worn)
Scrolls
 g - 2 scrolls of revelation
 i - 2 scrolls of identify
 j - a scroll of amnesia {unknown}
 k - 3 scrolls of remove curse {unknown}
 n - 2 scrolls of blinking {unknown}
 o - a scroll of immolation {unknown}
 p - a scroll of enchant armour {unknown}
 q - a scroll of teleportation {unknown}
Miscellaneous
 h - a dusty tome


   Skills:
 * Level 2.5 Fighting
 * Level 2.1 Maces & Flails
 + Level 0.2 Throwing
 * Level 1.7 Armour
 * Level 3.5 Dodging
 + Level 4.0 Stealth
 * Level 1.4 Spellcasting


You had 5 spell levels left.
You didn't know any spells.
Your spell library was empty.

Dungeon Overview and Level Annotations

Branches:
Dungeon (3/12)

Altars:
Ashenzari


Innate Abilities, Weirdness & Mutations

You do not eat or drink.
You are immune to poison.
Your flesh is cold resistant. (rC+)
Your body sometimes deteriorates upon taking damage.
You are immune to negative energy. (rN+++)
You are immune to unholy pain and torment.
You can survive without breathing.
When hurt, damage is shared between your health and your magic reserves.
Your movements are slightly less encumbered by armour. (ER -2)
Casting spells heals you.


Message History

The puff of flame hits you.
You miss something. Something hits you.
You closely miss something.
Something hits you but does no damage. x2
The kobold shouts!
You miss something. The kobold hits you. Something hits you but does no damage.
You hit something. The kobold hits you but does no damage. Something hits you.
You closely miss something. The kobold hits you.
You hear some strange, mumbled words.
A puff of flame appears from out of thin air!
The puff of flame hits you!
* * * LOW HITPOINT WARNING * * *
The kobold closely misses you.
You closely miss something. Something hits you.
* * * LOW HITPOINT WARNING * * *
Your body deteriorates!
You feel clumsy. The kobold misses you.
You hear some strange, mumbled words.
A puff of flame appears from out of thin air!
The puff of flame hits you.
You die...

K≈ ≈P ♣ ### .## o♣
. # #.. .. ≈..#.
#.####.#### ##
o#.######.#.......
..
).....##.#.#...#
#. #.#
#.##.#.#...### #.
#.###K...#.......#
#.
#.o{@.....†......#
#.
##########.......#
#. ###...#####.
#...# #... ###†#
#.#. #.# #.##
#.###.# #.)...#
#######


You could see an orc and a kobold.

Vanquished Creatures
  3 adders
  3 oozes (D:1)
  5 worms
  A dart slug (D:1)
  3 leopard geckos
  3 orcs
  3 giant cockroaches
  5 goblins
  6 hobgoblins
  2 jackals
  A quokka (D:2)
  4 bats
  3 frilled lizards
  9 kobolds
  4 rats
55 creatures vanquished.

Notes
Turn   | Place    | Note
-------+----------+-------------------------------------------
     0 | D:1      | Grimmash the Skeleton Archaeologist began the quest for the
                  | Orb.
     0 | D:1      | Reached XP level 1. HP: 12/12 MP: 1/1
    58 | D:1      | Reached XP level 2. HP: 13/16 MP: 2/2
   438 | D:1      | Reached XP level 3. HP: 20/20 MP: 4/4
   862 | D:1      | Reached skill level 1 in Spellcasting
   966 | D:1      | Reached skill level 1 in Armour
  1106 | D:2      | Found a shattered altar of Ashenzari.
  1214 | D:2      | Reached skill level 4 in Stealth
  1543 | D:2      | Reached XP level 4. HP: 8/26 MP: 2/6
  2309 | D:3      | Killed from afar by an orc wizard

Skill      XL: |  1  2  3 |
---------------+----------+-----
Spellcasting   | 1 |  1.4
Armour         | 1 |  1.7
Maces & Flails | 2 |  2.1
Stealth        | 4 |  4.0
Fighting       | 2 |  2.5
Throwing       | |  0.2
Dodging        | |  3.5

Action                   |  1- 3 |  4- 6 || total
-------------------------+-------+-------++-------
Melee: Whip              |   163 |       ||   163
       Mace              |       |    74 ||    74
 Fire: Blowgun           |    64 |     3 ||    67
Throw: Javelin           |     3 |    12 ||    15
 Stab: Sleeping          |     3 |     1 ||     4
Armor: Robe              |    72 |     8 ||    80
       Leather armour    |       |    18 ||    18
Dodge: Dodged            |   110 |    43 ||   153
